 Dungeon Crawl Stone Soup version 0.31-a0-744-gbc345e7fcb (webtiles) character file.

Game seed: 10977525511113452638

396 DocEon the Changeling (level 6, -1/42 HPs)
             Began as a Draconian Shapeshifter on Sept 14, 2023.
             Succumbed to a killer bee's poison
             ... on level 4 of the Dungeon.
             The game lasted 00:02:36 (2264 turns).

DocEon the Changeling (Draconian Shapeshifter)      Turns: 2264, Time: 00:02:37

Health: -1/42      AC:  6    Str: 18    XL:     6   Next: 52%
Magic:  6/6        EV: 15    Int: 14    God:
Gold:   133        SH:  7    Dex: 11    Spells: 5/5 levels left

rFire   . .          .
                       - Unarmed
rCold   . . .        f - +0 kite shield
rNeg    . . .        (body armour unavailable)
rPois   .            (helmet currently unavailable)
rElec   .            (cloak currently unavailable)
rCorr   .            (gloves currently unavailable)
SInv    .            (boots currently unavailable)
Will    +....        (no amulet)
Stlth   +            e - +5 ring of evasion
HPRegen 0.27/turn    d - +6 ring of intelligence
MPRegen 0.10/turn

%: no passive effects
@: lethally poisoned (-1 -> -19), beast-form, enlightened, flying, hasted, very
quick
A: beast (slay +3), AC +6, unfitting armour, cold-blooded, talons 1, dopey 1,
frail 1, inability to drink after injury 1
a: Begin Untransformation


You were on level 4 of the Dungeon.
You were a hulking beast.
You visited 1 branch of the dungeon, and saw 4 of its levels.

You collected 133 gold pieces.

Inventory:

Missiles
 l - a javelin (quivered)
Armour
 f - a +0 kite shield (worn)
Jewellery
 d - a +6 ring of intelligence (right hand)
 e - a +5 ring of evasion (left hand)
Talismans
 b - a beast talisman (active)
 c - a flux talisman
Wands
 p - a wand of polymorph (12)
Scrolls
 h - a scroll of revelation
 i - a scroll of teleportation
 o - a scroll of fear
 q - a scroll of identify
Potions
 g - a potion of enlightenment
 m - 2 potions of attraction


   Skills:
 - Level 1.1 Fighting
 - Level 1.7 Dodging
 - Level 3.0 Unarmed Combat
 * Level 6.9 Shapeshifting


You had 5 spell levels left.
You didn't know any spells.
Your spell library contained the following spells:

 Spells                   Type           Power      Damage    Failure   Level
 Sandblast                Erth           0%         2d4       65%         1
 Passwall                 Tmut/Erth      0%         N/A       78%         2
 Stone Arrow              Conj/Erth      0%         3d7       95%         3


Dungeon Overview and Level Annotations

Branches:
Dungeon (4/15)
 Temple: D:4-7

Altars:
Okawaru


Innate Abilities, Weirdness & Mutations

You are a hulking beast.
Your limbs bulge with bestial killing power. (Slay +3)
Your plain brown scales are hard. (AC +6)
You cannot fit into any form of body armour.
You are cold-blooded and may be slowed by cold attacks.
You have sharp toenails.
You are dopey. (Int -2)
You are frail. (-10% HP)
You occasionally lose the ability to drink potions when taking damage.


Message History

You feel sick.
You are no longer poisoned.
The killer bee closely misses you. You block the killer bee's attack.
You barely miss the killer bee. Your kick misses the killer bee.
Your tail-slap misses the killer bee.
The killer bee is lightly wounded.
The killer bee stings you!
You are poisoned.
The killer bee poisons you! You block the killer bee's attack.
You hit the killer bee. Your kick misses the killer bee.
Your tail-slap misses the killer bee.
The killer bee is heavily wounded.
You feel sick. The killer bee misses you.
You hit the killer bee. Your kick misses the killer bee.
Your tail-slap misses the killer bee.
The killer bee is heavily wounded.
You feel sick. The killer bee stings you. The killer bee barely misses you.
You hit the killer bee.
The killer bee is severely wounded.
You feel sick. The killer bee stings you.
You closely miss the killer bee. Your kick misses the killer bee.
The killer bee is severely wounded.
The killer bee stings you!
You are lethally poisoned!
The killer bee poisons you! You block the killer bee's attack.
You miss the killer bee. You claw the killer bee.
You kill the killer bee!
* * * LOW HITPOINT WARNING * * *
You feel very sick.
You hit the killer bee.
The killer bee is moderately wounded.
* * * LOW HITPOINT WARNING * * *
You feel sick. The killer bee closely misses you. The killer bee stings you!
* * * LOW HITPOINT WARNING * * *
You are more poisoned.
The killer bee poisons you!
You miss the killer bee. You claw the killer bee.
Your tail-slap misses the killer bee.
The killer bee is heavily wounded.
You die...

.? #. #.. # #..
#.#..###
#......#######.
#....hyyy...(
#.##.########
#......#
######..###.#
#.#..†....#.#
#########
#.#.##....#.#
#........
#<...#.#....#
#........
######......#
#........
######..#####........


You could see 3 killer bees.

Vanquished Creatures
  An ogre (D:4)
  3 killer bees (D:4)
  A hound (D:4)
  An orc wizard (D:3)
  5 adders
  A gnoll (D:1)
  A white imp (D:3)
  3 worms
  A dart slug (D:2)
  4 orcs (D:3)
  3 endoplasms
  4 giant cockroaches
  2 goblins
  4 hobgoblins
  3 quokkas (D:2)
  6 ball pythons
  5 bats
  2 frilled lizards (D:2)
  2 kobolds
  4 rats
56 creatures vanquished.

Notes
Turn   | Place    | Note
-------+----------+-------------------------------------------
     0 | D:1      | DocEon the Draconian Shapeshifter began the quest for the
                  | Orb.
     0 | D:1      | Reached XP level 1. HP: 16/16 MP: 1/1
   283 | D:1      | Reached XP level 2. HP: 18/23 MP: 2/2
   741 | D:2      | Reached skill level 4 in Shapeshifting
   746 | D:2      | Reached XP level 3. HP: 26/28 MP: 3/3
  1067 | D:2      | Reached XP level 4. HP: 35/35 MP: 4/4
  1328 | D:3      | Reached skill level 5 in Shapeshifting
  1706 | D:3      | Reached XP level 5. HP: 31/40 MP: 5/5
  1869 | D:4      | Noticed an ogre
  1880 | D:4      | Killed an ogre
  1881 | D:4      | Reached skill level 6 in Shapeshifting
  1993 | D:4      | Found an iron altar of Okawaru.
  2063 | D:4      | Reached XP level 6. HP: 18/47 MP: 6/6
  2252 | D:4      | Gained mutation: You are dopey. (Int -2) [potion of
                  | mutation]
  2252 | D:4      | Gained mutation: You are frail. (-10% HP) [potion of
                  | mutation]
  2252 | D:4      | Gained mutation: You occasionally lose the ability to drink
                  | potions when taking damage. [potion of mutation]
  2252 | D:4      | Gained mutation: You have sharp toenails. [potion of
                  | mutation]
  2263 | D:4      | HP: 2/42 [killer bee (7)]
  2264 | D:4      | Succumbed to a killer bee's poison

Illustrated notes

Levels and vault maps discovered:
D:1:      roderic_crop_circles_arrival_small, layout_basic
D:2:      layout_basic, minmay_fractal_squares_gapless_5
D:3:      layout_rooms
D:4:      layout_basic, hellmonk_okawaru_the_only_friend_you_need,
          minmay_temple_entry_statues_fountains

Skill      XL: |  1  2  3  4  5 |
---------------+----------------+-----
Shapeshifting  | 4 5 6 |  6.9
Fighting       | |  1.1
Dodging        | |  1.7
Unarmed Combat | |  3.0

Action                     |  1- 3 |  4- 6 || total
---------------------------+-------+-------++-------
  Melee: Unarmed           |    85 |    92 ||   177
         Tailslap          |     8 |    12 ||    20
         Kick              |       |     3 ||     3
  Throw: Javelin           |       |    16 ||    16
    Use: Scroll            |     2 |     8 ||    10
         Potion            |       |     5 ||     5
   Stab: Distracted        |     1 |       ||     1
         Sleeping          |     1 |       ||     1
 Armour: Skin              |    30 |    52 ||    82
  Dodge: Dodged            |    52 |    64 ||   116
  Block: Kite shield       |    15 |    36 ||    51

Table legend: (Time is in decaauts)
 A = Elapsed time spent in this place.
 B = Non-inter-level travel time spent in this place.
 C = Inter-level travel time spent in this place.
 D = Time resting spent in this place.
 E = Time spent auto-exploring this place.
 F = Levels seen in this place.
 G = Mean time per level.
                   A        B        C        D        E       F      G
               +--------+--------+--------+--------+--------+-----+--------+
         Total |   2283 |   2241 |     42 |    301 |   1485 |   4 |  570.8 |
       Dungeon |   2283 |   2241 |     42 |    301 |   1485 |   4 |  570.8 |
               +--------+--------+--------+--------+--------+-----+--------+

Top non-repeatable levels by time:
     D:1: 729 daAuts
     D:2: 556 daAuts
     D:4: 501 daAuts
     D:3: 496 daAuts
